[Event "ICCopen2016"]
[Site "Internet Chess Club"]
[Date "2016.06.04"]
[Round "7"]
[White "Astaneh"]
[Black "Platyborg"]
[Result "0-1"]
[ICCResult "White forfeits on time"]
[WhiteElo "2726"]
[BlackElo "2939"]
[Opening "Benoni defense"]
[ECO "A61"]
[NIC "QP.06"]
[Time "15:10:37"]
[TimeControl "180+0"]

1. d4 Nf6 2. Nf3 c5 3. d5 e6 4. c4 exd5 5. cxd5 d6 6. Nc3 g6 7. h3 Bg7 8.
Bf4 O-O 9. e3 a6 10. a4 Re8 11. Be2 Ne4 12. Nxe4 Rxe4 13. Nd2 Rb4 14. Nc4
Rxc4 15. Bxc4 Bxb2 16. Rb1 Bc3+ 17. Kf1 Bb4 18. e4 Qe7 19. Qc2 Nd7 20. f3
Ne5 21. Be2 Bd7 22. Kf2 b5 23. axb5 axb5 24. Ra1 Rxa1 25. Rxa1 c4 26. Be3 f5
27. f4 Nf7 28. Bf3 Qf6 29. Ra8+ Kg7 30. Ra7 Qh4+ 31. g3 Qe7 32. exf5 Bxf5
33. Bd4+ Kf8 34. Ra8+ Nd8 35. Qe2 c3 36. Qxb5 c2 37. Bb2 Bc5+ 38. Kg2 Bd7
39. Qa5 Ke8 40. Qd2 Kf7 41. Qxc2 Bf5 42. Qd2 Nb7 43. Rb8 Nd8 44. Bd4 Bxd4
45. Qxd4 Qe1 46. Rb2 Qe7 47. Re2 Qf6 48. Qe3 Nb7 49. g4 Nc5 50. gxf5 gxf5
51. Qe6+ Kg7 52. Qxf6+ Kxf6 53. Bg4 fxg4 {White forfeits on time} 0-1

[Event "ICCopen2016"]
[Site "Internet Chess Club"]
[Date "2016.06.04"]
[Round "7"]
[White "Commando"]
[Black "Panesso"]
[Result "0-1"]
[ICCResult "White forfeits on time"]
[WhiteElo "2615"]
[BlackElo "2297"]
[Opening "Réti: King's Indian attack"]
[ECO "A05"]
[NIC "QP.11"]
[Time "15:10:20"]
[TimeControl "180+0"]

1. Nf3 Nf6 2. g3 g6 3. Bg2 Bg7 4. d3 O-O 5. O-O d6 6. e4 Nc6 7. c3 e5 8.
Nbd2 h6 9. d4 Nh7 10. Nc4 exd4 11. Nxd4 Nxd4 12. cxd4 Bd7 13. e5 Bb5 14. Qb3
Bxc4 15. Qxc4 dxe5 16. dxe5 c6 17. e6 Qf6 18. exf7+ Qxf7 19. Qc2 Nf6 20. Be3
Nd5 21. Bc5 Rfe8 22. Be4 Re6 23. f3 g5 24. Rad1 b6 25. Bf2 Rd8 26. Rfe1 Red6
27. Qb3 c5 28. Rd3 Nb4 29. Rxd6 Rxd6 30. Bh7+ Kf8 31. Qa4 Qd7 32. Qb3 Qf7
33. Qa4 Qd7 34. Qxd7 Rxd7 35. a3 Nc6 36. Re2 Nd4 37. Re3 Nc6 38. Bg6 Bd4 39.
Re8+ Kg7 40. Be4 Bxf2+ 41. Kxf2 Na5 42. Ke3 Nc4+ 43. Ke2 Nxb2 44. f4 gxf4
45. gxf4 Nc4 46. Re6 Kf7 47. Rxh6 Re7 48. Kd3 Nxa3 49. f5 Rd7+ 50. Kc3 Nb5+
51. Kc2 Kg7 52. Rg6+ Kf7 53. Rh6 Nd4+ 54. Kb2 Kg7 55. Rg6+ Kf7 56. f6 Rd6
57. h4 Rxf6 58. Rg4 Rh6 59. h5 Kf6 60. Bg6 Ke5 61. Rg5+ Kd6 62. Rg4 Nc6 63.
Kc3 Ne5 64. Rg5 Kd5 65. Bf7+ Kd6 66. Bg8 b5 {White forfeits on time} 0-1

[Event "ICCopen2016"]
[Site "Internet Chess Club"]
[Date "2016.06.04"]
[Round "7"]
[White "InigoMI"]
[Black "d13gocr"]
[Result "0-1"]
[ICCResult "White checkmated"]
[WhiteElo "1529"]
[BlackElo "1770"]
[Opening "English: three knights system"]
[ECO "A27"]
[NIC "EO.21"]
[Time "15:10:25"]
[TimeControl "180+0"]

1. c4 e5 2. Nc3 Nc6 3. Nf3 f5 4. d4 e4 5. Ng1 Nf6 6. g3 Bb4 7. Bg2 O-O 8. h4
d5 9. cxd5 Qxd5 10. e3 Kh8 11. Ne2 Bxc3+ 12. bxc3 Na5 13. O-O Nc4 14. Nf4
Qd6 15. Qb3 Nb6 16. Ba3 Qd8 17. Bxf8 Qxf8 18. c4 Bd7 19. Rab1 Rb8 20. Bh3
Nc8 21. Rfc1 c6 22. c5 Ne7 23. Ne6 Qe8 24. Nf4 Ned5 25. Nxd5 Nxd5 26. a4 h6
27. a5 a6 28. Qb2 g5 29. hxg5 hxg5 30. g4 f4 31. Qd2 Qf7 32. Bf1 Kg7 33. Bc4
Rh8 34. Bxd5 Qxd5 35. Rxb7 Kf6 36. Kf1 Bxg4 37. Rb6 Bf3 38. Qc3 Rh1#
{White checkmated}
0-1

[Event "ICCopen2016"]
[Site "Internet Chess Club"]
[Date "2016.06.04"]
[Round "7"]
[White "PauldeRome"]
[Black "mikado"]
[Result "0-1"]
[ICCResult "White forfeits on time"]
[WhiteElo "1775"]
[BlackElo "2003"]
[Opening "Sicilian: accelerated fianchetto, Maróczy bind"]
[ECO "B36"]
[NIC "SI.33"]
[Time "15:10:29"]
[TimeControl "180+0"]

1. e4 c5 2. Nf3 Nc6 3. d4 cxd4 4. Nxd4 g6 5. c4 Nf6 6. Nc3 d6 7. Be2 Nxd4 8.
Qxd4 Bg7 9. Be3 O-O 10. Qd2 Be6 11. O-O Qa5 12. Rac1 Rfc8 13. b3 a6 14. Bf3
Nd7 15. Nd5 Qxd2 16. Bxd2 Bxd5 17. exd5 b5 18. Be2 bxc4 19. bxc4 Bd4 20. Bg4
f5 21. Be2 Ne5 22. Bc3 Bxc3 23. Rxc3 Rc5 24. f4 Nd7 25. Rb1 Rac8 26. Rb7
R8c7 27. Rcb3 Kf7 28. Kf2 Nf6 29. Rxc7 Rxc7 30. Rb6 Ne4+ 31. Ke3 a5 32. Kd4
Rc5 33. g3 h6 34. Rb5 Ke8 35. Bd3 Rxb5 36. cxb5 Nc5 37. Bc4 Kd7 38. h3 Kc7
39. g4 fxg4 40. hxg4 g5 41. f5 Kb6 42. Be2 a4 43. Bc4 Nd7 44. Bd3 Nf6 45.
Be2 Ka5 46. a3 Nd7 47. Kc4 Kb6 48. Kd4 Ne5 49. Kc3 Nf7 50. Kb4 Nd8 51. Kxa4
Nf7 52. Kb4 Ne5 53. a4 Nxg4 54. a5+ Kb7 55. b6 Ne3 56. Bb5 Nxd5+
{White forfeits on time}
0-1

[Event "ICCopen2016"]
[Site "Internet Chess Club"]
[Date "2016.06.04"]
[Round "7"]
[White "Indiana-Jones"]
[Black "ARMCOMPOSER"]
[Result "0-1"]
[ICCResult "White forfeits on time"]
[WhiteElo "2822"]
[BlackElo "3017"]
[Opening "Queen's pawn game, Darooha variation "]
[ECO "D11"]
[NIC "QP.09"]
[Time "15:10:36"]
[TimeControl "180+0"]

1. Nf3 d5 2. d4 Nf6 3. c4 c6 4. Qc2 dxc4 5. Qxc4 Bf5 6. g3 e6 7. Bg2 Nbd7 8.
O-O Be7 9. e3 O-O 10. Rd1 Qc7 11. Qe2 e5 12. h3 Rfe8 13. Nc3 Bf8 14. dxe5
Nxe5 15. Nd4 Bd7 16. e4 Rad8 17. Be3 Bc8 18. f4 Ng6 19. e5 Nxe5 20. fxe5
Qxe5 21. Bf2 Qg5 22. Qf1 Bc5 23. Nf3 Qh5 24. g4 Bxg4 25. Rxd8 Rxd8 26. Rd1
Re8 27. hxg4 Nxg4 28. Bxc5 Qxc5+ 29. Rd4 g6 30. Qd1 Ne3 31. Qe2 Re7 32. Ne4
Qc1+ 33. Kh2 Ng4+ 34. Kg3 Ne3 35. Rd8+ Kg7 36. Qd2 Nf5+ 37. Kh2 Qc4 38. Qc3+
Qxc3 39. Nxc3 Re3 40. Rd7 h5 41. Ng5 Kf6 42. Nce4+ Ke5 43. Nxf7+ Kf4 44. Nh8
Nh4 45. Rf7+ Ke5 46. Ng5 Re2 47. Nf3+ Nxf3+ 48. Rxf3 Rxb2 49. Nxg6+ Kd4 50.
Rb3 Rxb3 51. axb3 Kc3 52. Nf4 Kxb3 53. Nxh5 a5 54. Nf4 a4 55. Nd3 a3 56. Be4
Kc3 57. Nc1 Kb2 58. Nd3+ Kc3 59. Nc1 Kb2 60. Nd3+ Kc3 61. Nc1 b5 62. Bxc6 b4
63. Bd5 Kb2 64. Na2 b3 65. Bxb3 Kxb3 66. Nc1+ Kb2 67. Nd3+ Kc3 68. Nc1 Kc2
69. Na2 Kb3 70. Nc1+ Kc3 71. Na2+ Kb2 72. Nb4 Kb3 73. Nd3 Kc2 74. Nb4+ Kb2
75. Nd3+ Kb1 76. Nb4 Kc1 77. Na2+ Kb2 78. Nb4 Kb3 79. Na2 Kxa2 80. Kg3 Kb2
81. Kf4 a2 82. Ke5 a1=Q {White forfeits on time} 0-1

[Event "ICCopen2016"]
[Site "Internet Chess Club"]
[Date "2016.06.04"]
[Round "7"]
[White "Ancient"]
[Black "Valai"]
[Result "0-1"]
[ICCResult "White forfeits on time"]
[WhiteElo "2094"]
[BlackElo "2564"]
[Opening "Sicilian: accelerated fianchetto, modern variation"]
[ECO "B34"]
[NIC "SI.33"]
[Time "15:11:15"]
[TimeControl "180+0"]

1. e4 c5 2. Nf3 Nc6 3. d4 cxd4 4. Nxd4 g6 5. Nc3 Bg7 6. Nxc6 bxc6 7. Bd3 Nf6
8. O-O O-O 9. Kh1 Rb8 10. f4 d5 11. Qe1 dxe4 12. Nxe4 Nxe4 13. Bxe4 Bxb2 14.
Bxb2 Rxb2 15. f5 Qd4 16. Rd1 Qe5 17. fxg6 hxg6 18. Qh4 Rb4 19. Rf4 Bf5 20.
Rxf5 Qxe4 21. Qxe4 Rxe4 22. Rc5 Re6 23. h4 Rb8 24. Rd7 Rb4 25. Rxa7 Rxh4+
26. Kg1 Rf4 27. Ra6 Rff6 28. a4 Kg7 29. a5 Re1+ 30. Kh2 Ra1 31. Ra7 Rf5 32.
Rxf5 gxf5 33. Rxe7 Rxa5 34. Re2 Ra3 35. Kg1 Rc3 36. Kf2 Kf6 37. Ke1 Rc4 38.
Kd2 Re4 39. Rf2 Rg4 40. Kd3 Ke5 41. c4 c5 42. Re2+ Kf4 43. Kd2 Kg3 44. Re5
f4 45. Rxc5 Kxg2 46. Rf5 f3 47. Rxf7 f2 48. Ke3 f1=Q {White forfeits on
time} 0-1

[Event "ICCopen2016"]
[Site "Internet Chess Club"]
[Date "2016.06.04"]
[Round "7"]
[White "Sibelephant"]
[Black "YKQ"]
[Result "0-1"]
[ICCResult "White resigns"]
[WhiteElo "3075"]
[BlackElo "2582"]
[Opening "Ruy Lopez: open, Howell attack"]
[ECO "C81"]
[NIC "RL.28"]
[Time "15:11:29"]
[TimeControl "180+0"]

1. e4 e5 2. Nf3 Nc6 3. Bb5 a6 4. Ba4 Nf6 5. O-O Nxe4 6. d4 b5 7. Bb3 d5 8.
dxe5 Be6 9. Qe2 Nc5 10. Rd1 Be7 11. c4 Nxb3 12. axb3 b4 13. Be3 O-O 14. Nbd2
Qc8 15. Rac1 Rd8 16. cxd5 Bxd5 17. h3 Qe6 18. Bc5 Bxb3 19. Nxb3 Qxb3 20.
Rxd8+ Rxd8 21. Bxe7 Nxe7 22. Rxc7 Ng6 23. g3 h6 24. Kg2 a5 25. Ra7 Qd5 26.
Kh2 Re8 27. Qe3 Nxe5 28. Nxe5 Rxe5 29. Qc1 g6 30. Rc7 Re2 31. Qf4 Qf5 32.
Qxf5 gxf5 33. Ra7 Rxf2+ 34. Kg1 Rxb2 35. Rxa5 b3 36. Rb5 Kg7 37. Rb6 f6 38.
h4 Kg6 39. Rb5 h5 40. Rb7 f4 41. gxf4 Kf5 42. Rb4 Kg4 43. f5+ Kxf5 44. Kf1
Ke5 45. Kg1 f5 46. Rb5+ Kf4 47. Rb8 Kg4 48. Rb5 f4 49. Rb4 Kg3 50. Kf1 f3
51. Ke1 f2+ {White resigns} 0-1

[Event "ICCopen2016"]
[Site "Internet Chess Club"]
[Date "2016.06.04"]
[Round "7"]
[White "nadalthegreat"]
[Black "arnav311004"]
[Result "0-1"]
[ICCResult "White checkmated"]
[WhiteElo "1898"]
[BlackElo "1588"]
[Opening "Benko's opening"]
[ECO "A00"]
[NIC "KI.29"]
[Time "15:10:40"]
[TimeControl "180+0"]

1. g3 Nf6 2. Bg2 g6 3. d4 Bg7 4. c4 O-O 5. Nc3 d6 6. e4 c5 7. dxc5 dxc5 8.
Qxd8 Rxd8 9. Bg5 Nc6 10. Bxf6 Bxf6 11. Nd5 Bxb2 12. Rb1 Bg7 13. Nf3 e6 14.
Ne3 b6 15. O-O Bb7 16. Ng4 Nd4 17. Nxd4 Bxd4 18. e5 Bxg2 19. Kxg2 Kg7 20. f4
Bc3 21. Rbd1 Rd4 22. Rxd4 cxd4 23. Nf6 Rc8 24. g4 Rxc4 25. f5 exf5 26. gxf5
d3 27. Rd1 Bxe5 28. Nd5 Rc2+ 29. Kf3 Rxh2 30. Ke4 Bf6 31. fxg6 hxg6 32. a4
d2 33. Nf4 Bg5 34. Kf3 Bxf4 35. Kxf4 f5 36. Kg3 Re2 37. Kf3 Re4 38. Rxd2
Rxa4 39. Rd7+ Kf6 40. Rd6+ Kg5 41. Kg2 Ra3 42. Rd4 b5 43. Rb4 a6 44. Rd4 Ra4
45. Rd3 b4 46. Rg3+ Kf6 47. Rd3 Ra3 48. Rd6+ Kg5 49. Rb6 a5 50. Rb5 b3 51.
Kf2 a4 52. Ke2 Ra2+ 53. Kd1 b2 54. Kc2 a3 55. Rb3 Ra1 56. Rb4 b1=Q+ 57. Rxb1
Rxb1 58. Kxb1 Kf4 59. Ka2 g5 60. Kxa3 g4 61. Kb3 g3 62. Kc3 g2 63. Kc4 g1=Q
64. Kd5 Qd1+ 65. Ke6 Kg4 66. Kf6 f4 67. Ke7 f3 68. Ke6 f2 69. Kf6 f1=Q+ 70.
Kg6 Qb5 71. Kh6 Qd6+ 72. Kg7 Qbd7+ 73. Kg8 Qb8# {White checkmated} 0-1

[Event "ICCopen2016"]
[Site "Internet Chess Club"]
[Date "2016.06.04"]
[Round "7"]
[White "Freedoom"]
[Black "Badigo"]
[Result "0-1"]
[ICCResult "White forfeits on time"]
[WhiteElo "1931"]
[BlackElo "2189"]
[Opening "Scandinavian (center counter) defense"]
[ECO "B01"]
[NIC "VO.17"]
[Time "15:11:07"]
[TimeControl "180+0"]

1. e4 d5 2. e5 c5 3. c4 d4 4. f4 Nc6 5. d3 h5 6. Nd2 g6 7. Ne4 b6 8. Nf3 Nh6
9. Qe2 Nf5 10. g3 Bb7 11. Bg2 Qd7 12. O-O Bg7 13. Bd2 Kf8 14. Rae1 a5 15.
Nfg5 e6 16. a4 Rd8 17. b3 Ba8 18. h3 h4 19. g4 Nfe7 20. Nd6 f6 21. exf6 Qxd6
22. Nxe6+ Kg8 23. fxg7 Rh7 24. Nxd8 Qxd8 25. Bxc6 Nxc6 26. Qe8+ Kxg7 27.
Qxd8 Nxd8 28. Re7+ Nf7 29. Ra7 Bc6 30. Rc7 Be8 31. f5 gxf5 32. Rxf5 Kg6 33.
Rc6+ Bxc6 34. Bf4 Rh8 35. Kf2 Re8 36. Rh5 Bd7 37. Rxh4 Ne5 38. Rh6+ Kg7 39.
Rxb6 Nxd3+ 40. Kg3 Re2 41. Rb7 Re7 42. Bg5 Rf7 43. h4 Ne5 44. Bf4 Ng6 45.
Bg5 Ne5 46. Bf4 Nxg4 47. h5 Nf6 48. h6+ Kg6 49. Bd6 Ne4+ 50. Kh4 Nxd6 51.
Rb6 Rf6 52. h7 Nf5+ 53. Kg4 Nh6+ 54. Kg3 Nf5+ 55. Kg4 Nd6+ 56. Kh4 Kxh7 57.
Rb7 Kg6 {White forfeits on time} 0-1

[Event "ICCopen2016"]
[Site "Internet Chess Club"]
[Date "2016.06.04"]
[Round "7"]
[White "Danyuffa"]
[Black "Westbank"]
[Result "1-0"]
[ICCResult "Black checkmated"]
[WhiteElo "2133"]
[BlackElo "2147"]
[Opening "QGA, 4.Nc3"]
[ECO "D24"]
[NIC "QP.09"]
[Time "15:12:36"]
[TimeControl "180+0"]

1. Nf3 d5 2. d4 Nf6 3. c4 dxc4 4. Nc3 a6 5. Bg5 b5 6. e4 Bb7 7. e5 Nd5 8. a4
Nxc3 9. bxc3 Qd5 10. Be2 e6 11. Qd2 c5 12. axb5 axb5 13. Rxa8 Bxa8 14. Qb2
Bc6 15. O-O Be7 16. Bxe7 Kxe7 17. Ra1 Nd7 18. Ra7 Rb8 19. Ne1 cxd4 20. Qb4+
Ke8 21. Bf3 Qxe5 22. cxd4 Qxd4 23. Bxc6 Rd8 24. Bxd7+ Rxd7 25. Ra8+ Rd8 26.
Qxb5+ Qd7 27. Rxd8+ Kxd8 28. Qxc4 Ke7 29. g3 Qd1 30. Qf1 h5 31. Ng2 Qf3 32.
Qa1 f6 33. h4 Kf7 34. Ne3 Qe2 35. Qd1 Qa6 36. Qxh5+ Ke7 37. Qd1 Qa2 38. h5
Qa8 39. Qe2 Qe4 40. Qg4 Qb1+ 41. Kg2 Qb7+ 42. Qf3 Qd7 43. Qg4 Qb7+ 44. Kh2
Kf8 45. h6 gxh6 46. Qg6 Qg7 47. Qxg7+ Kxg7 48. Kh3 Kg6 49. Kg4 f5+ 50. Kf4
Kf6 51. Nc4 h5 52. Ne5 h4 53. gxh4 Ke7 54. h5 Kf6 55. h6 Ke7 56. Kg5 Kd6 57.
f4 Kd5 58. h7 Ke4 59. h8=Q Ke3 60. Qd8 Ke4 61. Qd6 Ke3 62. Qxe6 Kf2 63. Qxf5
Kg3 64. Qf6 Kh3 65. Qe6+ Kg3 66. f5 Kf2 67. f6 Ke3 68. f7 Kd4 69. f8=Q Kc3
70. Ng6 Kb2 71. Qd8 Ka1 72. Qec8 Kb2 73. Qb6+ Ka1 74. Qa8# {Black
checkmated} 1-0

[Event "ICCopen2016"]
[Site "Internet Chess Club"]
[Date "2016.06.04"]
[Round "7"]
[White "lmenezes"]
[Black "leonardoalmeida"]
[Result "1-0"]
[ICCResult "Black forfeits on time"]
[WhiteElo "1590"]
[BlackElo "1765"]
[Opening "Queen's pawn"]
[ECO "A40"]
[NIC "QO.17"]
[Time "15:13:50"]
[TimeControl "180+0"]

1. d4 e6 2. Bf4 c5 3. c3 Nf6 4. Nf3 h6 5. e3 cxd4 6. exd4 a6 7. Bd3 b5 8.
Nbd2 Bb7 9. O-O Be7 10. Re1 d6 11. h3 Nbd7 12. a4 bxa4 13. Rxa4 O-O 14. Qe2
Qb6 15. Nc4 Qc6 16. Rea1 Qc7 17. Ncd2 a5 18. Nc4 Nd5 19. Bg3 N7b6 20. Nxb6
Qxb6 21. Qe4 Nf6 22. Qe2 Bxf3 23. Qxf3 Qxb2 24. Rxa5 Rxa5 25. Rxa5 Rc8 26.
Ra7 Bf8 27. Qb7 Qxb7 28. Rxb7 Rxc3 29. Be2 Ne4 30. Bf4 g5 31. Be3 Ra3 32.
Bh5 Ra1+ 33. Kh2 d5 34. Bxf7+ Kh8 35. Bxe6 Bd6+ 36. g3 Ra2 37. Kg1 Nf6 38.
Bf5 Ra6 39. Kg2 Kg8 40. Be6+ Kf8 41. h4 Ke8 42. Bxg5 hxg5 43. hxg5 Ne4 44.
Bxd5 {Black forfeits on time} 1-0

[Event "ICCopen2016"]
[Site "Internet Chess Club"]
[Date "2016.06.04"]
[Round "8"]
[White "EirikG"]
[Black "TasteOflover"]
[Result "0-1"]
[ICCResult "White resigns"]
[WhiteElo "2527"]
[BlackElo "2881"]
[Opening "French: Paulsen variation"]
[ECO "C10"]
[NIC "FR.04"]
[Time "15:22:00"]
[TimeControl "180+0"]

1. e4 e6 2. d4 d5 3. Nc3 Nc6 4. Nf3 Nf6 5. e5 Ne4 6. Bd3 Bb4 7. Bd2 Nxd2 8.
Qxd2 f6 9. exf6 Qxf6 10. a3 Bd6 11. O-O-O Bf4 {White resigns} 0-1

[Event "ICCopen2016"]
[Site "Internet Chess Club"]
[Date "2016.06.04"]
[Round "8"]
[White "bullbuffalo"]
[Black "ebochess"]
[Result "1-0"]
[ICCResult "Black checkmated"]
[WhiteElo "1330"]
[BlackElo "1439"]
[Opening "Polish: Outflank variation"]
[ECO "A00"]
[NIC "VO.10"]
[Time "15:21:13"]
[TimeControl "180+0"]

1. b4 c6 2. c4 d5 3. cxd5 cxd5 4. e3 Nf6 5. Bb2 e6 6. a3 a5 7. b5 Bc5 8. Nf3
O-O 9. Qc2 Qb6 10. Ng5 g6 11. h4 h6 12. Bd3 hxg5 13. hxg5 Ne4 14. Rh8#
{Black checkmated}
1-0

[Event "ICCopen2016"]
[Site "Internet Chess Club"]
[Date "2016.06.04"]
[Round "8"]
[White "HEM"]
[Black "mirpele-murpele"]
[Result "0-1"]
[ICCResult "White resigns"]
[WhiteElo "1560"]
[BlackElo "2661"]
[Opening "QGD Slav: 4.e3"]
[ECO "D11"]
[NIC "QP.08"]
[Time "15:21:43"]
[TimeControl "180+0"]

1. d4 d5 2. Nf3 c6 3. c4 Nf6 4. e3 e6 5. Bd3 Nbd7 6. O-O Bd6 7. b3 e5 8.
dxe5 Nxe5 9. Bb2 Bg4 10. Nc3 dxc4 11. bxc4 Bxf3 12. gxf3 Nxd3 {White
resigns} 0-1

[Event "ICCopen2016"]
[Site "Internet Chess Club"]
[Date "2016.06.04"]
[Round "8"]
[White "gonesailing"]
[Black "zelog"]
[Result "0-1"]
[ICCResult "White checkmated"]
[WhiteElo "1663"]
[BlackElo "2099"]
[Opening "French: Winawer, fingerslip variation"]
[ECO "C15"]
[NIC "FR.08"]
[Time "15:20:50"]
[TimeControl "180+0"]

1. e4 e6 2. Nc3 d5 3. d4 Bb4 4. Bd2 Nf6 5. e5 Nfd7 6. Qg4 Kf8 7. O-O-O c5 8.
Nce2 Bxd2+ 9. Rxd2 Nc6 10. Nf3 cxd4 11. Nexd4 Nxd4 12. Qxd4 Qb6 13. Qg4 h6
14. Bd3 Nc5 15. h4 Bd7 16. Rh3 Nxd3+ 17. Rxd3 Qxf2 18. Rg3 g6 19. h5 g5 20.
Nxg5 hxg5 21. Qxg5 Ke8 22. Rdf3 Qe1# {White checkmated} 0-1

[Event "ICCopen2016"]
[Site "Internet Chess Club"]
[Date "2016.06.04"]
[Round "8"]
[White "hedgie"]
[Black "Imaneverwas"]
[Result "1-0"]
[ICCResult "Black resigns"]
[WhiteElo "2052"]
[BlackElo "1719"]
[Opening "QGD: Semi-Tarrasch, 5.cd"]
[ECO "D41"]
[NIC "TD.08"]
[Time "15:20:39"]
[TimeControl "180+0"]

1. d4 Nf6 2. c4 e6 3. Nf3 d5 4. Nc3 c5 5. cxd5 Nxd5 6. e4 Nxc3 7. bxc3 cxd4
8. cxd4 Bb4+ 9. Bd2 Bxd2+ 10. Qxd2 O-O 11. Bc4 Nd7 12. O-O Nf6 13. Rfe1 b6
14. Rad1 Bb7 15. Bd3 Rc8 16. Qf4 Qe7 17. Ne5 Rfd8 18. Bb1 Nd7 19. Ng4 Nf6
20. Ne3 h6 21. h4 Rc4 22. Nxc4 {Black resigns} 1-0

[Event "ICCopen2016"]
[Site "Internet Chess Club"]
[Date "2016.06.04"]
[Round "8"]
[White "Chapo2"]
[Black "kolding"]
[Result "1-0"]
[ICCResult "Black resigns"]
[WhiteElo "1977"]
[BlackElo "1690"]
[Opening "Ruy Lopez: Berlin defense"]
[ECO "C65"]
[NIC "RL.07"]
[Time "15:22:15"]
[TimeControl "180+0"]

1. e4 e5 2. Nf3 Nc6 3. Bb5 Nf6 4. Bxc6 dxc6 5. O-O Bd6 6. h3 O-O 7. d4 exd4
8. e5 Bxe5 9. Nxe5 Qd5 10. Nf3 c5 11. c3 Be6 12. cxd4 cxd4 13. Qxd4 Qxd4 14.
Nxd4 Bd5 15. Nc3 Bc4 16. Re1 Rad8 17. Be3 c6 18. b3 Ba6 19. Rad1 Rc8 20. Nf5
g6 21. Ne7+ {Black resigns} 1-0

[Event "ICCopen2016"]
[Site "Internet Chess Club"]
[Date "2016.06.04"]
[Round "8"]
[White "chessrex"]
[Black "panom"]
[Result "1-0"]
[ICCResult "Black checkmated"]
[WhiteElo "1946"]
[BlackElo "1677"]
[Opening "Blackmar gambit"]
[ECO "D00"]
[NIC "QP.08"]
[Time "15:21:28"]
[TimeControl "180+0"]

1. d4 d5 2. e4 dxe4 3. Nc3 Nf6 4. f3 exf3 5. Nxf3 Bg4 6. h3 Bxf3 7. Qxf3 c6
8. g4 e6 9. g5 Nd5 10. Bd3 Bb4 11. O-O O-O 12. Ne4 Ne7 13. c3 Bd6 14. Nf6+
gxf6 15. Bxh7+ Kxh7 16. Qh5+ Kg8 17. gxf6 Nf5 18. Rxf5 exf5 19. Qg5+ Kh8 20.
Qg7# {Black checkmated} 1-0

[Event "ICCopen2016"]
[Site "Internet Chess Club"]
[Date "2016.06.04"]
[Round "8"]
[White "BilodeauA"]
[Black "Saniser"]
[Result "1-0"]
[ICCResult "Black resigns"]
[WhiteElo "2771"]
[BlackElo "1731"]
[Opening "French: Tarrasch, open variation"]
[ECO "C07"]
[NIC "FR.18"]
[Time "15:21:16"]
[TimeControl "180+0"]

1. e4 e6 2. d4 d5 3. Nd2 c5 4. Ngf3 cxd4 5. Nxd4 Nc6 6. Bb5 Bd7 7. Nxc6 Bxc6
8. Bxc6+ bxc6 9. O-O Nf6 10. Qe2 Bc5 11. c4 O-O 12. b3 dxe4 13. Nxe4 Nxe4
14. Qxe4 Qd4 15. Qxd4 Bxd4 16. Rb1 Rad8 17. Ba3 Rfe8 18. Rfd1 Rd7 19. Kf1
Red8 20. Ke2 f6 21. Rd3 e5 22. Rbd1 c5 23. Bxc5 Kf7 24. Bxd4 exd4 25. R3d2
a5 26. Kd3 Ra8 27. Re1 a4 28. b4 a3 29. c5 Rb8 30. Kc4 Rdb7 31. Rb1 Re8 32.
b5 d3 33. b6 Rd7 34. b7 Re4+ 35. Kc3 {Black resigns} 1-0

[Event "ICCopen2016"]
[Site "Internet Chess Club"]
[Date "2016.06.04"]
[Round "8"]
[White "Soydemadera"]
[Black "AaronArrowood"]
[Result "1-0"]
[ICCResult "Black resigns"]
[WhiteElo "2439"]
[BlackElo "1783"]
[Opening "Ruy Lopez: modern Steinitz defense"]
[ECO "C71"]
[NIC "RL.10"]
[Time "15:20:57"]
[TimeControl "180+0"]

1. e4 e5 2. Nf3 Nc6 3. Bb5 a6 4. Ba4 d6 5. d3 Bd7 6. c3 g6 7. O-O Bg7 8. h3
Nge7 9. Re1 O-O 10. Nbd2 h6 11. Nf1 Kh7 12. Ng3 f5 13. exf5 Nxf5 14. Ne4 Nh4
15. Nxh4 Qxh4 16. Be3 d5 17. Nc5 Bc8 18. Bxc6 bxc6 19. Qe2 d4 20. Bd2 Bf5
21. cxd4 exd4 22. Qe7 Bxh3 23. Qxh4 {Black resigns} 1-0

[Event "ICCopen2016"]
[Site "Internet Chess Club"]
[Date "2016.06.04"]
[Round "8"]
[White "ncc-1701"]
[Black "Lucas"]
[Result "0-1"]
[ICCResult "White resigns"]
[WhiteElo "1939"]
[BlackElo "2327"]
[Opening "Nimzo-Indian: Sämisch variation"]
[ECO "E27"]
[NIC "NI.18"]
[Time "15:21:50"]
[TimeControl "180+0"]

1. d4 Nf6 2. c4 e6 3. Nc3 Bb4 4. a3 Bxc3+ 5. bxc3 O-O 6. Nf3 d5 7. Bg5 dxc4
8. e3 b5 9. a4 c6 10. Ne5 Bb7 11. Qf3 Nbd7 12. axb5 Qb6 13. bxc6 Nxe5 14.
dxe5 Bxc6 15. Qg3 Ne4 16. Qg4 Qb2 17. Rd1 Qxc3+ 18. Ke2 Qc2+ {White resigns}
0-1

[Event "ICCopen2016"]
[Site "Internet Chess Club"]
[Date "2016.06.04"]
[Round "8"]
[White "eltigrecu"]
[Black "victor22224444"]
[Result "0-1"]
[ICCResult "White resigns"]
[WhiteElo "2086"]
[BlackElo "2366"]
[Opening "Queen's Pawn"]
[ECO "A41"]
[NIC "QO.17"]
[Time "15:20:45"]
[TimeControl "180+0"]

1. d4 d6 2. Bg5 Nd7 3. c3 Ngf6 4. Nd2 e5 5. dxe5 dxe5 6. Ngf3 Be7 7. e4 O-O
8. Bc4 h6 9. Bh4 c6 10. O-O Nh5 11. Nxe5 Nxe5 12. Bxe7 Qxe7 13. Qxh5 Bg4 14.
Bxf7+ Rxf7 15. Qxf7+ Nxf7 16. h3 Be6 17. Nf3 Bc4 18. Rfe1 Rd8 19. Nd4 Be6
20. f4 Nd6 21. f5 Bc8 22. g4 Nf7 23. Kg2 Ne5 24. Kg3 c5 25. Ne2 Nd3 26. Nf4
Qe5 27. Rf1 Nxf4 28. Rxf4 Rd3+ {White resigns} 0-1

[Event "ICCopen2016"]
[Site "Internet Chess Club"]
[Date "2016.06.04"]
[Round "8"]
[White "Platyborg"]
[Black "HouseOfFun"]
[Result "1/2-1/2"]
[ICCResult "Game drawn by repetition"]
[WhiteElo "2925"]
[BlackElo "2480"]
[Opening "Scandinavian (center counter) defense"]
[ECO "B01"]
[NIC "SD.02"]
[Time "15:20:35"]
[TimeControl "180+0"]

1. e4 d5 2. exd5 Qxd5 3. Nc3 Qe5+ 4. Be2 c6 5. Nf3 Qc7 6. O-O Bf5 7. d4 e6
8. Bd3 Bg4 9. h3 Bh5 10. Ne4 Nd7 11. Ng3 Bg6 12. Re1 Ngf6 13. Ne5 Nxe5 14.
dxe5 Nd7 15. Bf4 O-O-O 16. Bxg6 hxg6 17. Qf3 Be7 18. Rad1 g5 19. Be3 Nxe5
20. Qe2 Nd7 21. Ne4 g4 22. Qxg4 Nf6 23. Nxf6 Bxf6 24. c3 Rxd1 25. Qxd1 Rd8
26. Qa4 a6 27. Qb4 Qd6 28. Qb6 Qc7 29. Qa7 Qb8 30. Qb6 Qc7 31. Qb4 Qd6 32.
Qa5 Qe5 33. Qb4 Qd6 {Game drawn by repetition} 1/2-1/2

[Event "ICCopen2016"]
[Site "Internet Chess Club"]
[Date "2016.06.04"]
[Round "8"]
[White "chadvalley"]
[Black "Mandragora"]
[Result "0-1"]
[ICCResult "White checkmated"]
[WhiteElo "1248"]
[BlackElo "1574"]
[Opening "KP: Indian opening"]
[ECO "C20"]
[NIC "KP.10"]
[Time "15:20:41"]
[TimeControl "180+0"]

1. e4 e5 2. d3 d5 3. exd5 Qxd5 4. Nf3 Nc6 5. Nc3 Qd8 6. Bd2 Nf6 7. Be2 Bd6
8. Bg5 h6 9. Bh4 g5 10. Bg3 Be6 11. O-O Qd7 12. a3 O-O-O 13. h3 g4 14. hxg4
Nxg4 15. Nh2 Nxh2 16. Bxh2 f5 17. f4 Rdg8 18. fxe5 Nxe5 19. Bxe5 Bxe5 20.
Bf3 Bd4+ 21. Kh1 h5 22. Rb1 h4 23. Ne2 Be3 24. Nc3 h3 25. g3 Rxg3 26. Qe2 f4
27. Nd1 Rxf3 28. Qxf3 Bd5 29. Qxd5 Qxd5+ 30. Kh2 Qg2# {White checkmated} 0-1

[Event "ICCopen2016"]
[Site "Internet Chess Club"]
[Date "2016.06.04"]
[Round "8"]
[White "BitsofKoin"]
[Black "Bom182"]
[Result "1-0"]
[ICCResult "Black resigns"]
[WhiteElo "2345"]
[BlackElo "1953"]
[Opening "QGD Slav: Krause attack"]
[ECO "D17"]
[NIC "SL.04"]
[Time "15:20:43"]
[TimeControl "180+0"]

1. d4 d5 2. Nf3 Nf6 3. c4 c6 4. Nc3 dxc4 5. a4 Bf5 6. Ne5 Nbd7 7. Nxc4 Nb6
8. Ne5 Nfd7 9. e4 Nxe5 10. exf5 Ned7 11. a5 Nd5 12. Nxd5 cxd5 13. Bb5 e6 14.
fxe6 Bb4+ 15. Bd2 Bxd2+ 16. Qxd2 fxe6 17. a6 b6 18. Qf4 Qf6 19. Qd6 Rd8 20.
O-O Qe7 21. Qc7 O-O 22. Qxa7 Qd6 23. Rac1 Rc8 24. Qxd7 {Black resigns} 1-0